General information
- name: BNet
- type: Ladder team game (AT/RT)
- host: Battle.net
- saver: Bacillus
map: Deadlock
- players: 8
- length: 08:12
- speed: Fast
- version: 1.26 W3XP
- replay type: Public
» download(51 KB)
Players
team 1 (loser)
Born_in_USSR (
red | 50 APM | 406 actions | 08:09)
2 Keeper of the Grove
1 Entangling Roots
1 Force of Nature
2 Tauren Chieftain
1 Shockwave
1 Endurance Aura
» actions
| Build / train | 36 | |
| Enter build submenu | 15 | |
| Enter hero's abilities submenu | 4 | |
| Right click | 184 | |
| Select / deselect | 137 | |
| Use ability | 30 | |
406 total
» units
| Peon | 6 | |
| Wisp | 4 | |
| Grunt | 7 | |
| Archer | 3 | |
| Huntress | 3 | |
23 total
» upgrades
» buildings
| Orc Burrow | 4 | |
| Barracks | 1 | |
| Altar of Storms | 1 | |
| Moon Well | 2 | |
| Voodoo Lounge | 1 | |
| Ancient of Wonders | 1 | |
| War Mill | 1 | |
| Stronghold | 1 | |
| Watch Tower | 2 | |
| Tree of Ages | 1 | |
15 total
» build order
00:27 Orc Burrow
00:35 Barracks
00:50 Altar of Storms
01:24 Orc Burrow
01:32 Moon Well
01:59 Voodoo Lounge
02:25 Moon Well
03:41 Ancient of Wonders
03:52 Orc Burrow
04:14 War Mill
04:54 Stronghold
05:41 Watch Tower
05:45 Orc Burrow
06:32 Tree of Ages
07:12 Watch Tower
» items
| Healing Salve | 2 | |
| Lesser Clarity Potion | 1 | |
| Scroll of Speed | 1 | |
4 total
OranGeCHRONiC (
blue | 27 APM | 219 actions | 08:00)
2 Shadow Hunter
1 Serpent Ward
1 Healing Wave
» actions
| Build / train | 24 | |
| Enter build submenu | 10 | |
| Enter hero's abilities submenu | 2 | |
| Right click | 90 | |
| Select / deselect | 71 | |
| Use ability | 22 | |
219 total
» units
» upgrades
» buildings
| Barracks | 2 | |
| Orc Burrow | 4 | |
| Altar of Storms | 1 | |
| War Mill | 1 | |
8 total
» build order
00:37 Barracks
00:46 Orc Burrow
01:22 Altar of Storms
01:56 Orc Burrow
03:14 Orc Burrow
03:36 War Mill
04:13 Barracks
05:42 Orc Burrow
» items
| Periapt of Vitality | 1 | |
| Circlet of Nobility | 2 | |
3 total

»
Iquitwenrushed (
yellow | 58 APM | 472 actions | 08:10)
1 Far Seer
1 Feral Spirit
» actions
| Build / train | 46 | |
| Enter build submenu | 16 | |
| Enter hero's abilities submenu | 2 | |
| Right click | 260 | |
| Select / deselect | 124 | |
| Use ability | 24 | |
472 total
» units
| Peon | 11 | |
| Grunt | 5 | |
| Archer | 11 | |
| Wisp | 2 | |
29 total
» upgrades
| Strength of the Moon | 1 | |
| Pillage | 1 | |
| Melee Weapons | 1 | |
| Armor | 1 | |
| Strength of the Wild | 1 | |
| Reinforced Hides | 1 | |
6 total
» buildings
| Orc Burrow | 4 | |
| Altar of Storms | 1 | |
| Barracks | 1 | |
| Hunter's Hall | 1 | |
| Moon Well | 2 | |
| War Mill | 1 | |
| Stronghold | 4 | |
| Voodoo Lounge | 1 | |
| Beastiary | 4 | |
19 total
» build order
00:11 Orc Burrow
00:16 Altar of Storms
00:41 Barracks
01:41 Orc Burrow
02:29 Hunter's Hall
02:48 Orc Burrow
03:29 Moon Well
03:44 War Mill
04:07 Moon Well
05:20 Stronghold
05:20 Stronghold
06:57 Voodoo Lounge
07:01 Orc Burrow
07:51 Beastiary
07:53 Beastiary
07:55 Beastiary
08:01 Beastiary
wannabnoob (
pink | 33 APM | 36 actions | 01:06)
» actions
| Build / train | 5 | |
| Enter build submenu | 3 | |
| Right click | 4 | |
| Select / deselect | 16 | |
| Use ability | 8 | |
36 total
» units
» buildings
| Moon Well | 1 | |
| Altar of Elders | 1 | |
| Ancient of War | 1 | |
3 total
» build order
00:18 Moon Well
00:27 Altar of Elders
00:43 Ancient of War
team 2 (winner)

»
sc2no.wc4yes (
orange | 62 APM | 508 actions | 08:11)
2 Crypt Lord
1 Carrion Beetles
1 Spiked Carapace
» actions
| Assign group hotkey | 27 | |
| Basic commands | 24 | |
| Build / train | 21 | |
| Enter build submenu | 15 | |
| Enter hero's abilities submenu | 2 | |
| Give item / drop item | 1 | |
| Right click | 156 | |
| Select / deselect | 115 | |
| Select group hotkey | 116 | |
| Use ability | 31 | |
508 total
» units
| Acolyte | 3 | |
| Ghoul | 2 | |
| Crypt Fiend | 6 | |
11 total
» buildings
| Graveyard | 1 | |
| Crypt | 1 | |
| Altar of Darkness | 1 | |
| Ziggurat | 6 | |
| Tomb of Relics | 1 | |
| Nerubian Tower | 1 | |
| Spirit Tower | 2 | |
| Necropolis | 2 | |
15 total
» build order
00:12 Graveyard
00:14 Crypt
01:06 Altar of Darkness
01:08 Ziggurat
01:25 Tomb of Relics
02:02 Ziggurat
02:51 Ziggurat
03:30 Ziggurat
03:32 Nerubian Tower
04:08 Spirit Tower
04:22 Spirit Tower
06:28 Necropolis
07:15 Necropolis
07:58 Ziggurat
08:04 Ziggurat
» items
| Sacrificial Skull | 1 | |
| Rod of Necromancy | 2 | |
3 total

»
Bacillus (
teal | 96 APM | 791 actions | 08:12)
3 Lich
2 Frost Nova
1 Dark Ritual
» actions
| Assign group hotkey | 45 | |
| Basic commands | 21 | |
| Build / train | 33 | |
| Enter build submenu | 11 | |
| Enter hero's abilities submenu | 3 | |
| Right click | 370 | |
| Select / deselect | 179 | |
| Select group hotkey | 102 | |
| Use ability | 27 | |
791 total
» units
» buildings
| Altar of Darkness | 1 | |
| Ziggurat | 5 | |
| Necropolis | 1 | |
| Tomb of Relics | 2 | |
| Graveyard | 1 | |
| Spirit Tower | 4 | |
14 total
» build order
00:11 Altar of Darkness
00:14 Ziggurat
00:40 Necropolis
02:08 Ziggurat
02:10 Tomb of Relics
02:55 Graveyard
05:49 Ziggurat
05:50 Ziggurat
05:53 Ziggurat
06:08 Tomb of Relics
06:47 Spirit Tower
06:48 Spirit Tower
06:48 Spirit Tower
» items
| Circlet of Nobility | 1 | |
| Boots of Speed | 1 | |
| Rod of Necromancy | 1 | |
| Sacrificial Skull | 1 | |
4 total

»
boblegeorge (
purple | 28 APM | 232 actions | 08:11)
2 Priestess of the Moon
1 Trueshot Aura
1 Searing Arrows
» actions
| Basic commands | 4 | |
| Build / train | 27 | |
| Enter build submenu | 11 | |
| Enter hero's abilities submenu | 2 | |
| Right click | 58 | |
| Select / deselect | 108 | |
| Use ability | 22 | |
232 total
» units
» upgrades
| Ultravision | 1 | |
| Strength of the Moon | 1 | |
2 total
» buildings
| Moon Well | 16 | |
| Altar of Elders | 1 | |
| Ancient of War | 1 | |
| Hunter's Hall | 1 | |
| Tree of Ages | 1 | |
| Ancient Protector | 1 | |
| Tree of Eternity | 1 | |
| Ancient of Wind | 1 | |
23 total
» build order
00:31 Moon Well
01:03 Altar of Elders
01:25 Ancient of War
02:20 Hunter's Hall
03:04 Moon Well
03:51 Tree of Ages
03:59 Moon Well
04:54 Moon Well
04:58 Moon Well
04:59 Moon Well
05:00 Moon Well
05:01 Moon Well
05:02 Moon Well
05:02 Moon Well
06:52 Ancient Protector
07:21 Tree of Eternity
08:05 Ancient of Wind

»
tideBeast (
green | 48 APM | 392 actions | 08:11)
3 Mountain King
2 Thunder Clap
1 Bash
» actions
| Build / train | 26 | |
| Enter build submenu | 11 | |
| Enter hero's abilities submenu | 3 | |
| Remove unit from queue | 4 | |
| Right click | 215 | |
| Select / deselect | 118 | |
| Use ability | 15 | |
392 total
» units
| Peasant | 7 | |
| Footman | 9 | |
| Rifleman | 1 | |
17 total
» buildings
| Barracks | 1 | |
| Farm | 4 | |
| Arcane Vault | 1 | |
| Altar of Kings | 1 | |
| Lumber Mill | 1 | |
| Scout Tower | 1 | |
| Blacksmith | 1 | |
| Keep | 1 | |
11 total
» build order
00:03 Barracks
00:04 Farm
00:06 Farm
01:13 Arcane Vault
01:24 Altar of Kings
02:02 Lumber Mill
03:18 Farm
03:51 Scout Tower
03:54 Blacksmith
04:21 Farm
04:36 Keep
Chat log
(00:18 / Allies) Bacillus: sc2
(00:24 / Allies) Bacillus: what are you doing in low ell hell
(01:13 / Allies) sc2no.wc4yes: im pro
(01:22 / Allies) Bacillus: i know bro
(01:41 / Allies) Bacillus: get your rushing shoes laced
(01:59 / Allies) sc2no.wc4yes: im pro
(02:17 / Allies) tideBeast: whats better for human
(02:21 / Allies) tideBeast: 5 or 6 peasant on gold
(02:21 / Allies) sc2no.wc4yes: towers
(02:26 / Allies) Bacillus: 6
(02:28 / Allies) sc2no.wc4yes: i go with 7
(02:29 / Allies) Bacillus: more peons more gold
(02:36 / Allies) sc2no.wc4yes: youd ont want to overwork them
(02:51 / Allies) tideBeast: are you a tk'er?
(03:03 / Allies) sc2no.wc4yes: whats a tk'er
(03:09 / Allies) tideBeast: u are
(03:11 / Allies) tideBeast: ur a tk'er
(03:20 / Allies) sc2no.wc4yes: im pro
(03:25 / Allies) tideBeast: at tk'ing?
(03:37 / Allies) Bacillus: does his base look like it
(03:42 / All) sc2no.wc4yes: i think you should kill yourself, dilbert
(03:48 / Allies) tideBeast: lmfao
(04:03 / Allies) tideBeast: im the mountain king biatch
(04:20 / All) sc2no.wc4yes: "theres a time and a place for anime. the time is now, the place is here. " - me
(04:28 / Allies) tideBeast: lmfao
(04:47 / Allies) Bacillus: lets go niglets
(04:56 / All) sc2no.wc4yes: im always disapopointed when someone has a gimmick username
(05:00 / All) sc2no.wc4yes: like "i quit when wrushed"
(05:03 / All) sc2no.wc4yes: or "i tower like a jew"
(05:06 / All) sc2no.wc4yes: then instead of doing that
(05:12 / All) sc2no.wc4yes: they jsut rush like every other rt turd
(05:27 / All) Bacillus: you should i have been named
(05:31 / All) Bacillus: aco rush111
(06:32 / Allies) tideBeast: teal
(06:33 / Allies) tideBeast: ur sexy